 Dungeon Crawl Stone Soup version 0.31-a0-1-g4198be8af4 (webtiles) character file.

Game seed: 13421418904367370308

51 Jarnaxa the Trooper (level 3, -2/33 HPs)
             Began as a Minotaur Fighter on May 2, 2023.
             Frozen to death by an endoplasm (3 damage)
             ... on level 1 of the Dungeon.
             The game lasted 00:01:26 (937 turns).

Jarnaxa the Trooper (Minotaur Fighter)               Turns: 937, Time: 00:01:26

Health: -2/33      AC:  7    Str: 22    XL:     3   Next: 57%
Magic:  2/2        EV:  9    Int:  5    God:
Gold:   29         SH:  4    Dex:  9    Spells: 2/2 levels left

rFire   . . .        a - +0 long sword
rCold   . . .        c - +0 buckler
rNeg    . . .        b - +0 scale mail
rPois   .            (helmet restricted)
rElec   .            (no cloak)
rCorr   .            (no gloves)
SInv    .            (no boots)
Will    .....        (no amulet) Stlth
                     (no ring)
HPRegen 0.25/turn    (no ring)
MPRegen 0.08/turn

%: no passive effects
@: mighty
A: horns 2, retaliatory headbutt
a: no special abilities


You were on level 1 of the Dungeon.
You visited 1 branch of the dungeon, and saw 1 of its levels.

You collected 29 gold pieces.

Inventory:

Hand Weapons
 a - a +0 long sword (weapon)
Armour
 b - a +0 scale mail (worn)
 c - a +0 buckler (worn)
Scrolls
 e - a scroll of identify {unknown}
 f - a scroll of immolation {unknown}
 g - a scroll of enchant armour {unknown}
 h - a scroll of acquirement {unknown}
Potions
 i - a potion of degeneration {unknown}
 j - a potion of curing {unknown}


   Skills:
 + Level 4.3 Fighting
 + Level 3.0 Long Blades
 + Level 4.3 Armour
 + Level 0.4 Dodging
 + Level 4.0 Shields


You had 2 spell levels left.
You didn't know any spells.
Your spell library was empty.

Dungeon Overview and Level Annotations

Branches:
Dungeon (1/15)

Altars:


Innate Abilities, Weirdness & Mutations

You have a pair of horns on your head.
You reflexively headbutt those who attack you in melee.


Message History

The giant cockroach is severely wounded.
You block the giant cockroach's attack. The endoplasm closely misses you.
The jelly barely misses you. You furiously retaliate!
You headbutt the jelly.
The giant cockroach bites you but does no damage.
You hit the giant cockroach.
You kill the giant cockroach!
The jelly hits you but does no damage. You block the endoplasm's attack.
You block the jelly's attack. The rat bites you. The endoplasm freezes you.
You are frozen.
You hit the rat.
You kill the rat!
You block the jelly's attack. You block the endoplasm's attack.
You hit the endoplasm but do no damage. You block the endoplasm's attack.
The jelly barely misses you. The endoplasm freezes you.
You are frozen.
You barely miss the endoplasm. The endoplasm completely misses you.
The jelly hits you but does no damage. The endoplasm freezes you.
You are frozen.
The endoplasm closely misses you. The jelly barely misses you.
You furiously retaliate!
You headbutt the jelly, but do no damage.
The endoplasm barely misses you.
You feel very mighty all of a sudden. The jelly hits you but does no damage.
The endoplasm freezes you.
You are frozen.
The endoplasm barely misses you.
You barely miss the endoplasm.
The endoplasm hits you but does no damage.
The jelly hits you.
You are splashed with acid!
* * * LOW HITPOINT WARNING * * *
The endoplasm hits you.
* * * LOW HITPOINT WARNING * * *
You slash the endoplasm!
You kill the endoplasm!
The jelly hits you but does no damage. The endoplasm freezes you.
You are frozen.
You die...

#...#### ####.........#
#.#....#######....#........
#..................#.##.#.#
#..###'#######'###.#....#.#
#..#..⌠...>...⌠..#.######.#
#..#......<......#.# #.#
#..'⌠....###....⌠+.# #.#
#..#.............#.# #.#
#..#######@#######.# ###.#
#..#...BJJrJh....#.####....
#..#.....rJJr....#.#....###
#..#......rw.....#.#.#### #
#..###############.#.# #
##...................#
###########(.......##
##########


You could see a worm, a jelly, 4 endoplasms, a jackal, a giant cockroach and 4
rats.

Vanquished Creatures
  A worm (D:1)
  A dart slug (D:1)
  A ball python (D:1)
  3 endoplasms (D:1)
  4 giant cockroaches (D:1)
  2 goblins (D:1)
  4 hobgoblins (D:1)
  7 jackals (D:1)
  2 kobolds (D:1)
  3 quokkas (D:1)
  4 bats (D:1)
  3 frilled lizards (D:1)
  7 rats (D:1)
42 creatures vanquished.

Notes
Turn   | Place    | Note
-------+----------+-------------------------------------------
     0 | D:1      | Jarnaxa the Minotaur Fighter began the quest for the Orb.
     0 | D:1      | Reached XP level 1. HP: 19/19 MP: 0/0
     1 | D:1      | Found a runed translucent door.
     2 | D:1      | Noticed a jelly
   120 | D:1      | Reached XP level 2. HP: 26/27 MP: 1/1
   402 | D:1      | Reached XP level 3. HP: 33/33 MP: 2/2
   936 | D:1      | HP: 1/33 [endoplasm (1)]
   937 | D:1      | Frozen to death by an endoplasm

Illustrated notes

Levels and vault maps discovered:
D:1:      dpeg_arrival_caged_fury, layout_basic

Skill      XL: |  1  2  3 |
---------------+----------+-----
Armour         | 4 |  4.3
Fighting       | 4 |  4.3
Shields        | 4 |  4.0
Long Blades    | 3 |  3.0
Dodging        | |  0.4

Action                     || total
---------------------------++-------
  Melee: Long sword        ||    97
         Headbutt          ||     9
    Use: Potion            ||     1
 Armour: Scale mail        ||    60
  Dodge: Dodged            ||    57
  Block: Buckler           ||    26

Table legend: (Time is in decaauts)
 A = Elapsed time spent in this place.
 B = Non-inter-level travel time spent in this place.
 C = Inter-level travel time spent in this place.
 D = Time resting spent in this place.
 E = Time spent auto-exploring this place.
 F = Levels seen in this place.
 G = Mean time per level.
                   A        B        C        D        E       F      G
               +--------+--------+--------+--------+--------+-----+--------+
         Total |    964 |    964 |      0 |    100 |    623 |   1 |  964.0 |
       Dungeon |    964 |    964 |      0 |    100 |    623 |   1 |  964.0 |
               +--------+--------+--------+--------+--------+-----+--------+

Top non-repeatable levels by time:
     D:1: 964 daAuts
